 Dungeon Crawl Stone Soup version 0.29-a0-96-g93358da72b (webtiles) character file.

Game seed: 157789703333233587

207 Gargoyl the Skirmisher (level 5, -1/33 HPs)
             Began as a Gargoyle Abyssal Knight on Feb 12, 2022.
             Was a Believer of Lugonu.
             Killed from afar by Edmund the steam dragon (3 damage)
             ... with a ball of steam
             ... on level 4 of the Dungeon.
             The game lasted 00:03:31 (2813 turns).

Gargoyl the Skirmisher (Gargoyle Abyssal Knight)    Turns: 2813, Time: 00:03:32

Health: -1/33      AC: 21    Str: 19    XL:     5   Next: 85%
Magic:  6/6        EV:  6    Int: 10    God:    Lugonu [**....]
Gold:   117        SH:  0    Dex: 10    Spells: 4/4 levels left

rFire   . . .      SeeInvis .   a - +1 hand axe
rCold   . . .      Faith    .   (no shield)
rNeg    + . .      Spirit   .   i - +0 plate armour
rPois   ∞          Reflect  .   o - +0 helmet
rElec   +          Harm     .   (no cloak)
rCorr   .          Rampage  .   h - +0 pair of gloves
Will    .....                   (no boots)
Stlth   ..........              (no amulet)
HPRegen 0.11/turn               k - +4 ring of protection
MPRegen 0.10/turn               (no ring)

@: flying
A: sickness immunity, AC +4, negative energy resistance 1, electricity
resistance, torment resistance 1, petrification resistance
a: Renounce Religion, Depart the Abyss, Bend Space


You were on level 4 of the Dungeon.
You worshipped Lugonu.
Lugonu was pleased with you.
You visited 1 branch of the dungeon, and saw 4 of its levels.
You visited the Abyss 1 time.

You collected 117 gold pieces.

Inventory:

Hand Weapons
 a - a +1 hand axe (weapon)
Armour
 h - a +0 pair of gloves (worn)
 i - a +0 plate armour (worn)
 o - a +0 helmet (worn)
Jewellery
 k - a +4 ring of protection (left hand)
Scrolls
 f - a scroll of torment {unknown}
 n - a scroll of blinking
 q - a scroll of brand weapon {unknown}
 r - a scroll of noise {unknown}
Potions
 b - a potion of berserk rage {unknown}
 c - 2 potions of curing {unknown}
 d - 2 potions of cancellation {unknown}
 e - 2 potions of flight
 j - a potion of mutation {unknown}
 l - a potion of heal wounds {unknown}
 m - a potion of might {unknown}
 p - a potion of ambrosia {unknown}
 t - a potion of degeneration {unknown}


   Skills:
 + Level 4.3 Fighting
 + Level 4.1 Axes
 + Level 3.5 Armour
 + Level 0.8 Dodging
 + Level 2.1 Invocations


You had 4 spell levels left.
You didn't know any spells.
Your spell library contained the following spells:

 Spells                   Type           Power      Damage    Failure   Level
 Gell's Gravitas          Tloc           0%         N/A       100%        3
 Lesser Beckoning         Tloc           0%         N/A       100%        3
 Teleport Other           Tloc           0%         N/A       100%        3


Dungeon Overview and Level Annotations

Branches:
Dungeon (4/15)
 Temple: D:4-7

Altars:
Sif Muna

Shops:
D:3 [   D:4 [

Annotations:
D:4 Edmund


Innate Abilities, Weirdness & Mutations

You are immune to sickness and miasma.
Your stone body is resilient. (AC +4)
You are immune to poison.
You resist negative energy. (rN+)
You are resistant to electric shocks. (rElec)
You are resistant to unholy torment.
You are immune to petrification.


Message History

Unknown command.
Aiming: Polymorph
Press: ? - help, Shift-Dir - straight line, f/p - Edmund
Aim: Edmund, wielding a +0 flail of protection and wearing a +0 leather armour (severely wounded, will become a meliai, a worm, or a boggart, chance to affect: 49%) Edmund evaporates and reforms as a meliai!
Edmund picks up a +0 flail of protection.
Edmund wields a +0 flail of protection.
Unknown command.
Aiming: Polymorph
Press: ? - help, Shift-Dir - straight line, f/p - Edmund
Aim: Edmund the meliai, wielding a +0 flail of protection (will become a tengu, a harpy, or a steam dragon, chance to affect: 49%) Edmund the meliai evaporates and reforms as a steam dragon!
Edmund breathes steam at you. The ball of steam hits you!
* * * LOW HITPOINT WARNING * * *
Unknown command.
Aiming: Polymorph
Press: ? - help, Shift-Dir - straight line, f/p - Edmund
Aim: Edmund the steam dragon (steam, catching its breath, will become a swamp drake, a bat, or a rime drake, chance to affect: 49%) Edmund resists with some effort.
Edmund bites you.
* * * LOW HITPOINT WARNING * * *
Edmund claws you but does no damage.
Aiming: Polymorph
Press: ? - help, Shift-Dir - straight line, f/p - Edmund
Aim: Edmund the steam dragon (steam, catching its breath, will become a swamp drake, a bat, or a rime drake, chance to affect: 49%) Edmund resists with some effort.
Edmund barely misses you. Edmund claws you but does no damage.
Unknown command.
Aiming: Polymorph
Press: ? - help, Shift-Dir - straight line, f/p - Edmund
Aim: Edmund the steam dragon (catching its breath, will become a swamp drake, a bat, or a rime drake, chance to affect: 49%) Edmund resists with some effort.
The now-empty wand crumbles to dust.
Edmund bites you but does no damage. Edmund claws you.
* * * LOW HITPOINT WARNING * * *
It was a potion of flight.
You feel very buoyant.
You fly up into the air.
Edmund breathes steam at you. The ball of steam hits you.
You die...

.##. #.. #.#
#######.##########
. ..# ##.. ... #.#
# ..# #.. #.# ##.##
## ... #.> ... ....
. .# .... ...
.#.#### # .# ....#
.... ###.#(....
.#......
..#.###......##
<..###.
..<......)....###
........ .......@D#
..... ######..
........## ...# #
####.#..## ...#..
#####.§§..###.....#
.....§.§.........
..#...§#.....#.#.
#.#...###......#
#.# #. #.#..##
##..##.# #.. #.
##.#...## #.....#
###


You could see Edmund the steam dragon (catching breath).

Vanquished Creatures
  A scorpion (D:4)
  Jessica (D:3)
  Natasha (D:2)
  3 adders
  3 worms
  2 dart slugs
  An orc (D:3)
  5 endoplasms
  A giant cockroach (D:1)
  7 hobgoblins
  2 jackals (D:2)
  2 quokkas
  7 ball pythons
  5 bats
  6 frilled lizards
  4 goblins
  6 kobolds
  2 rats
59 creatures vanquished.

Vanquished Creatures (others)
  A plant (D:1)
1 creature vanquished.

Grand Total: 60 creatures vanquished

Notes
Turn   | Place    | Note
-------+----------+-------------------------------------------
     0 | Abyss:1  | Gargoyl the Gargoyle Abyssal Knight began the quest for the
                  | Orb.
     0 | Abyss:1  | Reached XP level 1. HP: 14/14 MP: 2/2
    13 | Abyss:1  | Noticed an iron imp
    14 | D:1      | Escaped the Abyss
   192 | D:1      | Reached XP level 2. HP: 10/19 MP: 3/3
   542 | D:1      | Found a faded altar of an unknown god.
  1014 | D:2      | Reached XP level 3. HP: 16/24 MP: 4/4
  1015 | D:2      | Reached * piety under Lugonu
  1163 | D:2      | Noticed Natasha
  1174 | D:2      | Killed Natasha
  1187 | D:2      | Reached XP level 4. HP: 17/29 MP: 5/5
  1455 | D:2      | You fall into a shaft and drop 2 floors!
  1505 | D:3      | Noticed Jessica
  1521 | D:3      | Killed Jessica
  1853 | D:3      | Found Letoreon's Antique Armour Emporium.
  2100 | D:3      | Found a shimmering blue altar of Sif Muna.
  2210 | D:3      | Reached XP level 5. HP: 33/33 MP: 6/6
  2364 | D:3      | Reached ** piety under Lugonu
  2704 | D:4      | Found Cajuotin's Antique Armour Emporium.
  2788 | D:4      | Noticed Edmund
  2807 | D:4      | Noticed Edmund
  2807 | D:4      | Edmund changed into Edmund the meliai
  2808 | D:4      | Noticed Edmund
  2808 | D:4      | Edmund the meliai changed into Edmund the steam dragon
  2813 | D:4      | Killed from afar by Edmund the steam dragon

Illustrated notes

Levels and vault maps discovered:
D:1:      dpeg_arrival_rooms_a, layout_loops_ring,
          shapermc_ecumenical_altar_mp_urbaneastern, minmay_domino_4
D:2:      layout_rooms, nrook_mini_backslash, uniq_natasha
D:3:      layout_loops_ring, general_overflow_altar, serial_shops,
          nicolae_shop_stone, minmay_misc_feat_ornament, minmay_pentomino_pile,
          uniq_jessica
D:4:      layout_basic, mainiacjoe_overflow_concentric_impassable, serial_shops,
          nicolae_shop_statue_plus, hangedman_decor_growths, minivault_25,
          uniq_edmund

Skill      XL: |  1  2  3  4  5 |
---------------+----------------+-----
Axes           | 2 3 4 |  4.1
Fighting       | 4 |  4.3
Armour         | 3 |  3.5
Dodging        | |  0.8
Invocations    | |  2.1

Action                   |  1- 3 |  4- 6 || total
-------------------------+-------+-------++-------
Melee: Hand axe          |    71 |   140 ||   211
       Punch             |     2 |     2 ||     4
Throw: Javelin           |       |     5 ||     5
Invok: Depart the Abyss  |     1 |       ||     1
Evoke: Wand              |       |     5 ||     5
  Use: Scroll            |       |     4 ||     4
       Potion            |       |     1 ||     1
Armor: Leather armour    |     7 |       ||     7
       Plate armour      |    55 |   120 ||   175
Dodge: Dodged            |    32 |    39 ||    71

Table legend: (Time is in decaauts)
 A = Elapsed time spent in this place.
 B = Non-inter-level travel time spent in this place.
 C = Inter-level travel time spent in this place.
 D = Time resting spent in this place.
 E = Time spent auto-exploring this place.
 F = Levels seen in this place.
 G = Mean time per level.
                   A        B        C        D        E       F      G
               +--------+--------+--------+--------+--------+-----+--------+
         Total |   2846 |   2796 |     50 |      0 |   2154 |   5 |  569.2 |
       Dungeon |   2832 |   2782 |     50 |      0 |   2141 |   4 |  708.0 |
         Abyss |     14 |     14 |      0 |      0 |     13 |   1 |   14.0 |
               +--------+--------+--------+--------+--------+-----+--------+

Top non-repeatable levels by time:
     D:3: 1052 daAuts
     D:1: 1001 daAuts
     D:2: 456 daAuts
     D:4: 322 daAuts
 Abyss:1: 14 daAuts
